 Dungeon Crawl Stone Soup version 0.31-a0-664-g902f515a81 (webtiles) character file.

Game seed: 16269467602296349732

45387 Xavori the Unseen (level 14, -4/96 (106) HPs)
             Began as an Octopode Chaos Knight on Sept 2, 2023.
             Was a Plaything of Xom.
             Killed from afar by an orc sorcerer (12 damage)
             ... with a bolt of fire
             ... while paralysed by an orc sorcerer
             ... on level 2 of the Orcish Mines.
             The game lasted 00:37:22 (39834 turns).

Xavori the Unseen (Octopode Chaos Knight)          Turns: 39834, Time: 00:37:22

HP:   -4/96 (106)   AC:  9    Str: 12    XL:     14   Next: 32%
MP:   14/14         EV:  2    Int: 15    God:    Xom [......]
Gold: 1184          SH:  0    Dex: 16    Spells: 13/13 levels left

rFire   + + .        f - +3 dagger (venom)
rCold   + + .        (no shield)
rNeg    . . .        F - +2 hat
rPois   .            (no amulet)
rElec   .            h - ring of protection from fire
rCorr   .            d - ring of protection from cold
SInv    .            H - +5 ring of evasion
Will    +....        y - ring of protection from cold
Stlth   ++++++++     L - ring of Areshreori {rF+ Dex+3}
HPRegen 0.36/turn    (no ring)
MPRegen 0.14/turn    (no ring)
                     (no ring)

%: no passive effects
@: paralysed, drained
A: almost no armour, amphibious, 8 rings, camouflage 1, gelatinous body 1,
(nimble swimmer 1), tentacles, antennae 1, iridescent scales 3, clumsy 1,
mutation resistance 1, sense surroundings 1, robust 1
a: Renounce Religion


You were on level 2 of the Orcish Mines.
You worshipped Xom.
You were a very special plaything of Xom.
You visited 3 branches of the dungeon, and saw 17 of its levels.
You also visited: Sewer, Ossuary, Bailey and Gauntlet.

You collected 1678 gold pieces.
You spent 494 gold pieces at shops.

Inventory:

Hand Weapons
 a - a +0 short sword of chaos
 f - a +3 dagger of venom (weapon)
Armour
 F - a +2 hat (worn)
Jewellery
 d - a ring of protection from cold (right tentacle)
 h - a ring of protection from fire (left tentacle)
 y - a ring of protection from cold (on tentacle)
 H - a +5 ring of evasion (on tentacle)
 L - the ring of Areshreori (on tentacle) {rF+ Dex+3}
   (You found it in a Gauntlet)

   [ring of protection from fire]

   Dex+3:     It affects your dexterity (+3).
   rF+:       It protects you from fire.
Talismans
 E - a blade talisman
Wands
 m - a wand of polymorph (5)
 n - a wand of light (3)
 u - a wand of flame (24)
 w - a wand of digging (16)
 z - a wand of roots (5)
 B - a wand of charming (8)
 Q - a wand of mindburst (3)
Scrolls
 b - 6 scrolls of butterflies
 j - 4 scrolls of amnesia
 k - 17 scrolls of teleportation
 l - 6 scrolls of fear
 p - 2 scrolls of blinking
 q - 2 scrolls of enchant weapon
 v - 5 scrolls of immolation
 x - 5 scrolls of fog
 A - a scroll of poison
 I - 2 scrolls of revelation
 J - a scroll of torment
 P - a scroll of vulnerability
Potions
 c - 2 potions of lignification
 e - a potion of might
 g - 4 potions of brilliance
 i - 6 potions of enlightenment
 o - 4 potions of ambrosia
 r - 4 potions of mutation
 s - a potion of invisibility
 t - 7 potions of curing
 C - 3 potions of haste
 D - 3 potions of heal wounds
 K - a potion of resistance
 O - 2 potions of cancellation
Miscellaneous
 G - a phial of floods
 M - a condenser vane
 N - a phantom mirror


   Skills:
 + Level 9.1 Fighting
 + Level 10.1 Short Blades
 + Level 9.7 Dodging
 + Level 19.6 Stealth
 - Level 6.0 Unarmed Combat
 - Level 7.0 Evocations
 * Level 8.4 Shapeshifting


You had 13 spell levels left.
You didn't know any spells.
Your spell library contained the following spells:

 Spells                   Type           Power      Damage    Failure   Level
 Magic Dart               Conj           0%         1d3       26%         1
 Sting                    Tmut/Pois      0%         1d3       26%         1
 Poisonous Vapours        Pois/Air       0%         N/A       38%         2
 Searing Ray              Conj           0%         2d4       38%         2
 Volatile Blastmotes      Fire/Tloc      0%         2d10      63%         3
 Fulminant Prism          Conj/Hex       0%         3d5       95%         4
 Iskenderun's Mystic Bla  Conj/Tloc      0%         2d3       95%         4
 Leda's Liquefaction      Hex/Erth       0%         N/A       95%         4
 Olgreb's Toxic Radiance  Pois           0%         N/A       95%         4
 Alistair's Intoxication  Tmut/Pois      0%         N/A       100%        5
 Lee's Rapid Deconstruct  Erth           0%         3d4*      100%        5
 Summon Forest            Summ/Tloc      0%         N/A       100%        5
 Leda's Unmaking          Conj/Erth      0%         9d1       100%        6
 Starburst                Conj/Fire      0%         6d3       100%        6
 Summon Cactus Giant      Summ           0%         N/A       100%        6


Dungeon Overview and Level Annotations

Branches:
Dungeon (12/15)            Temple (0/1) D:7            Lair (3/5) D:10
 Shoals (0/4) Lair:3       Spider (0/4) Lair:3          Orc (2/2) D:12
    Elf (0/3) Orc:2         Sewer (visited)         Ossuary (visited)
 Bailey (visited)         Gauntlet (visited)

Altars:
Fedhas
Xom
The Shining One

Shops:
D:3 [   D:7 *:?:[   Orc:1 :


Innate Abilities, Weirdness & Mutations

You cannot wear most types of armour.
You are amphibious.
You can wear up to eight rings at the same time.
Your skin changes colour to match your surroundings (Stealth+).
Your rubbery body absorbs attacks. (AC +1, EV +1)
((You are camouflaged when in or above water. (Stealth+)))
You have tentacles for arms and can constrict up to eight enemies at once.
You have a pair of small antennae on your head.
You are completely covered in iridescent scales. (AC +6)
You are clumsy. (Dex -2)
You are somewhat resistant to further mutation.
You passively map a small area around you.
You are robust. (+10% HP)


Message History

An orc priest comes into view.
It is wielding a +0 falchion of protection.
The orc sorcerer gestures at you while chanting.
You suddenly lose the ability to move!
An orc sorcerer comes into view. It is wielding a +0 dagger.
The orc sorcerer gestures at you while chanting.
The bolt of negative energy hits you!!!
You feel drained.
The bolt of negative energy misses your butterfly.
The orc warrior hits you with a +0 battleaxe.
The orc warrior misses your butterfly. The neqoxec hits you.
Something hits you but does no damage.
Deactivating autopickup; reactivate with Ctrl-A.
The orc priest misses your butterfly.
The orc sorcerer points at you and mumbles some strange words.
The bolt of negative energy hits you!!
You feel drained.
* * * LOW HITPOINT WARNING * * *
The bolt of negative energy hits your butterfly!!
Your butterfly is drained!
Your butterfly dies!
Your butterfly disappears in a puff of smoke!
The bolt of negative energy hits your butterfly!!
Your butterfly is drained!
Your butterfly dies!
Your butterfly disappears in a puff of smoke!
The orc warrior hits you with a +0 battleaxe!
* * * LOW HITPOINT WARNING * * *
The neqoxec hits you but does no damage.
You hear some strange, mumbled words.
A magic dart appears from out of thin air!
The magic dart hits you.
* * * LOW HITPOINT WARNING * * *
The orc warrior barely misses you.
The orc warrior hits your butterfly with a +0 short sword.
Your butterfly dies!
Your butterfly disappears in a puff of smoke!
The orc sorcerer howls an incantation.
You feel troubled. The orc sorcerer casts a spell at you.
The bolt of fire hits you! You resist.
You die...
Xom is highly amused!

* , ######...######... *
,,.................#*
**,................#*
***##.....o.$....**
#....oooo....$, # ##.#...§o#.#.,
* # **##b.)oo##* ### ##{{o3.# #..
##.#o@)## #>. #...§.## #..
##...§§## ### ### #...b)).# #
##.## ##..bb.## ####### # #...#
##.bb.# #.##..# ###..####
##...b)### #.#...###
#.......###......).######.....#.#
.........####....))).##.#........


You could see a neqoxec (summoned), 3 orc sorcerers, 3 orc warriors, 3 orc
priests and an orc wizard.

Vanquished Creatures
  Gastronok (D:8)
  An orc warlord (Orc:2)
  A quicksilver ooze (Gauntlet)
  A minotaur (Gauntlet)
  Fannar (Lair:3)
  2 hydras (Lair:2)
  2 centaur warriors (D:12)
  A two-headed ogre (Orc:1)
  A boulder beetle (D:12)
  Urug (Lair:3)
  A pharaoh ant (Lair:3)
  5 orc knights
  2 orc sorcerers (Orc:2)
  2 deep elf pyromancers (D:12)
  3 cyclopes
  A manticore (D:12)
  An elephant (shapeshifter) (Lair:3)
  5 black mambas
  3 gargoyles
  5 cane toads
  A merfolk siren (Lair:3)
  Maggie (Lair:2)
  2 unseen horrors
  A minotaur zombie (Gauntlet)
  5 komodo dragons
  4 rime drakes
  A burning bush (Lair:2)
  3 trolls (D:12)
  2 polar bears (Lair:3)
  6 blink frogs
  2 tarantellas (Lair:3)
  A jumping spider (Lair:3)
  Sigmund (D:2)
  4 slime creatures (Gauntlet)
  A wraith (Ossuary)
  2 shadows (D:11)
  47 yaks
  6 wyverns
  6 vampire mosquitoes
  A basilisk (Lair:2)
  2 steam dragons
  Menkaure (D:4)
  7 wargs
  10 water moccasins
  13 orc warriors
  2 black bears
  7 ogres
  10 wolves
  2 sky beasts
  5 centaurs
  3 phantoms
  An elf zombie (D:4)
  4 kobold brigands
  5 bullfrogs
  A gnoll sergeant (D:9)
  A scorpion (D:7)
  An elf skeleton (D:4)
  8 wights
  20 killer bees
  4 howler monkeys
  3 hounds
  7 jellies
  A sleepcap (D:3)
  17 orc priests
  2 human zombies (D:4)
  5 iguanas
  A human skeleton (D:4)
  30 orc wizards
  Ijyb (D:5)
  3 mummies (Ossuary)
  14 adders
  5 gnolls (D:9)
  7 river rats (Sewer)
  4 shadow imps
  2 white imps
  2 ufetubi (D:5)
  3 worms
  3 dart slugs
  72 orcs
  4 bats
  6 endoplasms
  3 giant cockroaches
  14 goblins
  9 hobgoblins
  6 jackals
  4 quokkas
  13 ball pythons
  5 frilled lizards
  A goblin zombie (Ossuary)
  2 hobgoblin zombies (Ossuary)
  18 kobolds
  2 kobold zombies (Ossuary)
  An orc skeleton (D:4)
  An orc zombie (Ossuary)
  10 rats
525 creatures vanquished.

Vanquished Creatures (collateral kills)
  2 yaks (D:10)
  A bullfrog (D:7)
  A killer bee (D:11)
  2 orcs (D:7)
6 creatures vanquished.

Vanquished Creatures (others)
  A troll (D:12)
  5 dream sheep (D:4)
  A slime creature (Gauntlet)
  A vampire mosquito (D:10)
  A wight (D:6)
  An orc priest (Orc:2)
  2 orc wizards
12 creatures vanquished.

Grand Total: 543 creatures vanquished

Notes
Turn   | Place    | Note
-------+----------+-------------------------------------------
     0 | D:1      | Xavori the Octopode Chaos Knight began the quest for the
                  | Orb.
     0 | D:1      | Reached XP level 1. HP: 16/16 MP: 1/1
    38 | D:1      | You fall into a shaft and drop 1 floor!
   155 | D:1      | Reached XP level 2. HP: 21/21 MP: 2/2
   356 | D:1      | XOM: silly message
   640 | D:1      | Reached XP level 3. HP: 26/26 MP: 3/3
  1288 | D:1      | XOM: silly message
  1553 | D:1      | XOM: scenery: 1 doors open
  1560 | D:1      | XOM: god gift: scroll labelled ITRAKE EQOHINN {god gift}
  1658 | D:1      | XOM: give mutations
  1658 | D:1      | Gained mutation: One of your tentacles bears a spike.
                  | [Xom's grace]
  1658 | D:1      | Gained mutation: You are partially covered in iridescent
                  | scales. (AC +2) [Xom's grace]
  1815 | D:1      | XOM: scenery: 1 doors open, 1 doors close
  2470 | D:1      | XOM: scenery: 1 doors open, 1 doors close
  2850 | D:1      | XOM: silly message
  3266 | D:1      | XOM: give mutation
  3266 | D:1      | Gained mutation: You are agile. (Dex +4, Str/Int -1) [Xom's
                  | mischief]
  3655 | D:1      | XOM: silly message
  3842 | D:1      | XOM: summons 2 hostile shadow creatures
  4153 | D:1      | XOM: scenery: 1 doors open, 1 doors close
  4166 | D:1      | XOM: give mutation
  4166 | D:1      | Lost mutation: You are agile. (Dex +4, Str/Int -1) [Xom's
                  | mischief]
  4188 | D:1      | XOM: stat loss: -1 Dex (12/13)
  4449 | D:1      | XOM is BORED!
  4516 | D:1      | XOM: god gift: purple potion {god gift}
  5703 | D:1      | XOM: cloud trail
  6295 | D:1      | XOM: cloud trail
  6738 | D:1      | XOM is BORED!
  7430 | D:1      | XOM: summons 2 hostile demons
  7571 | D:2      | XOM: god gift: 27 gold pieces
  7716 | D:1      | XOM: silly message
  7996 | D:1      | XOM: divination: detect creatures
  8078 | D:1      | XOM: divination: detect creatures
  8932 | D:1      | XOM: divination: detect creatures
  9221 | D:1      | XOM: scenery: 1 doors open, 1 doors close
  9842 | D:1      | XOM: god gift: 46 gold pieces
  9942 | D:2      | XOM is BORED!
  9942 | D:2      | XOM: noise
  9993 | D:2      | Reached skill level 1 in Stealth
 10095 | D:2      | Noticed Sigmund
 10103 | D:2      | XOM: blink monster(s)
 10105 | D:2      | Killed Sigmund
 10106 | D:2      | Reached skill level 4 in Stealth
 10106 | D:2      | Reached XP level 4. HP: 21/33 MP: 4/4
 10106 | D:2      | Reached XP level 5. HP: 23/37 MP: 5/5
 10579 | D:3      | Found Cumuawn's Antique Armour Shoppe.
 10654 | D:3      | Reached XP level 6. HP: 38/43 MP: 6/6
 10804 | D:3      | Found a faded altar of an unknown god.
 10949 | D:3      | Reached skill level 5 in Stealth
 11326 | D:4      | XOM: confusion (+ monsters)
 11332 | D:4      | Reached skill level 6 in Stealth
 11332 | D:4      | Reached XP level 7. HP: 48/48 MP: 7/7
 11371 | D:4      | Noticed Menkaure
 11397 | D:4      | Killed Menkaure
 11398 | D:4      | Reached skill level 1 in Unarmed Combat
 11496 | D:4      | XOM: confuse monster(s)
 11506 | D:4      | Reached skill level 7 in Stealth
 11516 | D:4      | Reached skill level 5 in Short Blades
 11568 | D:4      | Found a sand-covered staircase.
 11588 | Ossuary  | Entered an ossuary
 11588 | Ossuary  | Noticed a wraith
 11588 | Ossuary  | Noticed a wraith
 11588 | Ossuary  | Noticed a wraith
 11719 | Ossuary  | Reached XP level 8. HP: 54/54 MP: 8/8
 11881 | Ossuary  | Noticed a wraith
 11883 | Ossuary  | Killed a wraith
 11884 | Ossuary  | Reached skill level 8 in Stealth
 12010 | D:4      | XOM: smoke on damage
 12108 | D:4      | XOM: god gift: 20 gold pieces
 12157 | D:4      | XOM: potion effect (invisibility)
 12371 | D:4      | Noticed a dream sheep
 12371 | D:4      | Noticed a dream sheep
 12371 | D:4      | Noticed a dream sheep
 12371 | D:4      | Noticed a dream sheep
 12371 | D:4      | Noticed a dream sheep
 12371 | D:4      | Found a shimmering altar of Xom.
 12374 | D:4      | Killed a dream sheep
 12375 | D:4      | Reached skill level 9 in Stealth
 12376 | D:4      | Killed a dream sheep
 12376 | D:4      | Killed a dream sheep
 12376 | D:4      | Killed a dream sheep
 12377 | D:4      | Killed a dream sheep
 12726 | D:4      | XOM: silly message
 12805 | D:4      | XOM: divination: detect creatures
 12960 | D:5      | Entered Level 5 of the Dungeon
 13053 | D:5      | Found a glowing golden altar of the Shining One.
 13089 | D:5      | Reached skill level 5 in Fighting
 13105 | D:5      | Reached skill level 10 in Stealth
 13105 | D:5      | Reached XP level 9. HP: 32/61 MP: 9/9
 13111 | D:5      | XOM: divination: detect items
 13174 | D:5      | Found a glowing drain.
 13192 | Sewer    | Entered a sewer
 13317 | Sewer    | XOM: divination: detect items
 13427 | Sewer    | XOM: give mutations
 13427 | Sewer    | Gained mutation: You sometimes lose your temper in combat.
                  | [Xom's mischief]
 13427 | Sewer    | Lost mutation: One of your tentacles bears a spike. [Xom's
                  | mischief]
 13427 | Sewer    | Gained mutation: One of your tentacles bears a spike.
                  | [Xom's mischief]
 13427 | Sewer    | Gained mutation: You are vulnerable to cold. (rC-) [Xom's
                  | mischief]
 13638 | D:5      | Noticed Ijyb
 13643 | D:5      | Killed Ijyb
 13929 | D:5      | Reached skill level 11 in Stealth
 14796 | D:4      | XOM: summons 5 hostile demons
 15319 | D:4      | XOM: summons 2 hostile shadow creatures
 15677 | D:5      | XOM: give mutation
 15677 | D:5      | Lost mutation: You sometimes lose your temper in combat.
                  | [Xom's mischief]
 15747 | D:4      | XOM: give mutations
 15747 | D:4      | Gained mutation: You are strong-willed. (Will+) [Xom's
                  | mischief]
 15747 | D:4      | Gained mutation: You are robust. (+10% HP) [Xom's mischief]
 16261 | D:4      | XOM: silly message
 16324 | D:4      | XOM: silly message
 17050 | D:4      | XOM: divination: detect creatures
 17070 | D:4      | XOM: draining
 17077 | D:4      | XOM: noise
 17266 | D:4      | XOM: summons 3 hostile shadow creatures
 17786 | D:4      | XOM: stat loss: -1 Str (11/12)
 18205 | D:4      | XOM is BORED!
 18205 | D:4      | XOM: summons 5 hostile demons
 18401 | D:5      | XOM: give mutations
 18401 | D:5      | Gained mutation: You are weak. (Str -2) [Xom's mischief]
 18401 | D:5      | Lost mutation: You are vulnerable to cold. (rC-) [Xom's
                  | mischief]
 18401 | D:5      | Gained mutation: You occasionally lose the ability to read
                  | scrolls when taking damage. [Xom's mischief]
 18537 | D:4      | XOM: cloud trail
 18826 | D:4      | XOM: scenery: summon butterflies
 19768 | D:4      | XOM: cloud trail
 20034 | D:4      | XOM: god gift: scroll of enchant weapon
 20366 | D:4      | XOM: give mutations
 20366 | D:4      | Gained mutation: You are somewhat resistant to further
                  | mutation. [Xom's grace]
 20366 | D:4      | Gained mutation: You expend magic power (3 MP) to
                  | strengthen your wands. [Xom's grace]
 20406 | D:4      | XOM: give mutations
 20406 | D:4      | Gained mutation: You have a pair of small antennae on your
                  | head. [Xom's mischief]
 20406 | D:4      | Gained mutation: Your flesh is cold resistant. (rC+) [Xom's
                  | mischief]
 20406 | D:4      | Lost mutation: Your flesh is cold resistant. (rC+) [Xom's
                  | mischief]
 20756 | D:4      | XOM: give mutations
 20756 | D:4      | Gained mutation: You passively map a small area around you.
                  | [Xom's grace]
 20756 | D:4      | Gained mutation: Your system is resistant to poisons.
                  | (rPois) [Xom's grace]
 20981 | D:6      | XOM: smoke on damage
 20984 | D:6      | XOM: enchant monster (bad)
 21009 | D:6      | XOM: give mutation
 21009 | D:6      | Gained mutation: You possess an exceptional clarity of
                  | mind. [Xom's mischief]
 21182 | D:6      | Noticed Edmund
 21183 | D:6      | XOM: confuse monster(s)
 21191 | D:6      | Reached skill level 1 in Evocations
 21192 | D:6      | Edmund changed into Edmund the worm
 21192 | D:6      | Noticed Edmund
 21192 | D:6      | XOM: polymorph Edmund -> Edmund the worm
 21196 | D:6      | Killed Edmund the worm
 21201 | D:6      | XOM: noise
 21314 | D:6      | XOM: 9-stop teleportation journey
 21325 | D:6      | XOM: fog
 21326 | D:6      | XOM: polymorph ice beast -> blink frog
 21328 | D:6      | XOM: summons friendly white imp
 21332 | D:6      | Reached skill level 12 in Stealth
 21441 | D:6      | XOM: give mutations
 21441 | D:6      | Gained mutation: Your body sometimes deteriorates upon
                  | taking damage. [Xom's mischief]
 21441 | D:6      | Lost mutation: Your system is resistant to poisons. (rPois)
                  | [Xom's mischief]
 21441 | D:6      | Lost mutation: One of your tentacles bears a spike. [Xom's
                  | mischief]
 21441 | D:6      | Lost mutation: You occasionally lose the ability to read
                  | scrolls when taking damage. [Xom's mischief]
 21487 | D:6      | XOM: chaos cloud
 21492 | D:6      | Paralysed by you for 4 turns
 21500 | D:6      | Paralysed by you for 2 turns
 21500 | D:6      | XOM: summons 3 friendly demons
 21607 | D:6      | Reached skill level 1 in Shapeshifting
 21929 | D:6      | XOM: summons 4 hostile demons
 21930 | D:6      | Noticed a red devil
 22116 | D:6      | XOM: cloud trail
 22276 | D:7      | Found Tuq Gotz's Antique Armour Boutique.
 22285 | D:7      | XOM: summons 6 friendly demons
 22349 | D:7      | Bought a runed hat for 182 gold pieces
 22451 | D:7      | Found Suaqeng's Book Shoppe.
 22455 | D:7      | Found Puer's Assorted Antiques.
 22463 | D:7      | Bought a scroll of teleportation for 72 gold pieces
 22463 | D:7      | Bought 2 potions of heal wounds for 240 gold pieces
 22584 | D:7      | Found Gumue's Book Shoppe.
 22613 | D:7      | Found a staircase to the Ecumenical Temple.
 22703 | D:7      | Found Ceum's Magic Scroll Emporium.
 22788 | D:7      | Reached XP level 10. HP: 73/73 MP: 10/10
 22913 | D:7      | XOM: scenery: summon butterflies
 22949 | D:8      | XOM: enchant monster (bad)
 23158 | D:8      | XOM: give mutations
 23158 | D:8      | Gained mutation: You are dopey. (Int -2) [Xom's mischief]
 23158 | D:8      | Gained mutation: You are very weak. (Str -4) [Xom's
                  | mischief]
 23158 | D:8      | Gained mutation: You are mostly covered in iridescent
                  | scales. (AC +4) [Xom's mischief]
 23497 | D:8      | XOM: repel stairs
 23506 | D:8      | XOM: swap monsters
 23649 | D:8      | Noticed Gastronok
 23661 | D:8      | XOM: cleaving
 23684 | D:8      | XOM: god gift: 12 gold pieces
 23687 | D:8      | XOM: butterfly on damage
 23923 | D:8      | Killed Gastronok
 23924 | D:8      | Reached skill level 5 in Dodging
 23924 | D:8      | Reached skill level 13 in Stealth
 23924 | D:8      | Reached skill level 5 in Unarmed Combat
 23975 | D:8      | XOM: give mutations
 23975 | D:8      | Lost mutation: You expend magic power (3 MP) to strengthen
                  | your wands. [Xom's mischief]
 23975 | D:8      | Lost mutation: You are robust. (+10% HP) [Xom's mischief]
 23975 | D:8      | Lost mutation: You are very weak. (Str -4) [Xom's mischief]
 23975 | D:8      | Lost mutation: You possess an exceptional clarity of mind.
                  | [Xom's mischief]
 24037 | D:8      | XOM: draining
 24122 | D:9      | HP: 2/59 [something (2)]
 24136 | D:9      | Killed an unseen horror
 24150 | D:9      | XOM: summons 1 hostile demon
 24298 | D:9      | Found a flagged portal.
 24298 | D:9      | XOM: chaos upgrade
 24314 | Bailey   | Entered a bailey
 24322 | Bailey   | XOM: chaos upgrade
 24557 | Bailey   | Noticed an orc knight
 24557 | Bailey   | Noticed an orc knight
 24591 | Bailey   | XOM: smoke on damage
 24603 | Bailey   | Killed an orc knight
 24604 | Bailey   | Reached XP level 11. HP: 22/73 MP: 11/11
 24731 | Bailey   | XOM: enchant monster (good)
 24815 | Bailey   | Identified the +0 storm dragon scales "Saoz" {rElec Dex+4}
 24821 | Bailey   | XOM: summons 5 friendly demons
 24825 | Bailey   | Killed an orc knight
 24826 | Bailey   | Reached skill level 14 in Stealth
 24923 | Bailey   | Noticed an orc knight
 24927 | Bailey   | Killed an orc knight
 24928 | Bailey   | Reached skill level 5 in Evocations
 24967 | D:9      | Found a blossoming altar of Fedhas.
 24972 | D:9      | XOM: give mutation
 24972 | D:9      | Gained mutation: You are somewhat resistant to both further
                  | mutation and mutation removal. [Xom's grace]
 25263 | D:8      | XOM: give mutations
 25263 | D:8      | Gained mutation: One of your tentacles bears a spike.
                  | [Xom's grace]
 25263 | D:8      | Lost mutation: You are weak. (Str -2) [Xom's grace]
 25263 | D:8      | Gained mutation: You are completely covered in iridescent
                  | scales. (AC +6) [Xom's grace]
 25545 | D:9      | XOM: summons 2 friendly demons
 26172 | D:9      | XOM: confuse monster(s)
 26781 | D:10     | Entered Level 10 of the Dungeon
 26856 | D:10     | XOM: cast spell 'Disjunction'
 27095 | D:10     | Reached skill level 15 in Stealth
 27361 | D:10     | Found a staircase to the Lair.
 27390 | D:10     | XOM: cleaving
 27697 | D:10     | XOM: confuse monster(s)
 27951 | Lair:1   | Entered Level 1 of the Lair of Beasts
 28070 | Lair:1   | XOM: silly message
 28077 | Lair:1   | XOM: cloud trail
 28218 | Lair:1   | XOM: potion effect (curing)
 28219 | Lair:1   | Reached skill level 5 in Shapeshifting
 28313 | Lair:1   | Reached XP level 12. HP: 53/80 MP: 12/12
 28382 | Lair:1   | XOM: scenery: create altars
 28420 | Lair:1   | XOM: enchant monster (good)
 28423 | Lair:1   | XOM: silly message
 28427 | Lair:1   | XOM: confuse monster(s)
 28634 | Lair:1   | Reached skill level 16 in Stealth
 28640 | Lair:1   | XOM: cloud trail
 28798 | Lair:1   | XOM: smoke on damage
 28801 | Lair:1   | XOM: confuse monster(s)
 28802 | Lair:1   | XOM: enchant monster (bad)
 28812 | Lair:1   | XOM: confusion (+ monsters)
 29000 | Lair:1   | XOM: give mutations
 29000 | Lair:1   | Gained mutation: Your muscles are strong. (Str +4, Int/Dex
                  | -1) [Xom's grace]
 29000 | Lair:1   | Gained mutation: You are covered in fur. (AC +1) [Xom's
                  | grace]
 29000 | Lair:1   | Gained mutation: You have a pair of antennae on your head.
                  | [Xom's grace]
 29122 | Lair:1   | XOM: silly message
 29671 | Lair:1   | XOM: divination: detect creatures
 30078 | Lair:2   | Noticed a four-headed hydra
 30078 | Lair:2   | XOM: 2-stop teleportation journey
 30089 | Lair:2   | Killed a four-headed hydra
 30185 | Lair:2   | XOM: enchant monster (good)
 30199 | Lair:2   | XOM: summons friendly white imp
 30207 | Lair:2   | XOM: enchant monster (good)
 30211 | Lair:2   | XOM: divination: detect items
 30308 | Lair:2   | Noticed a five-headed hydra
 30310 | Lair:2   | Reached skill level 17 in Stealth
 30330 | Lair:2   | Killed a five-headed hydra
 30807 | Lair:2   | XOM: enchant monster (good)
 30809 | Lair:2   | Noticed Maggie
 30880 | Lair:2   | Killed Maggie
 31114 | Lair:2   | XOM: give mutations
 31114 | Lair:2   | Lost mutation: You are dopey. (Int -2) [Xom's grace]
 31114 | Lair:2   | Gained mutation: Your spells are a little harder to cast,
                  | but a little more powerful. [Xom's grace]
 31114 | Lair:2   | Gained mutation: You are robust. (+10% HP) [Xom's grace]
 31114 | Lair:2   | Gained mutation: You are highly strong-willed. (Will++)
                  | [Xom's grace]
 31424 | Lair:3   | Noticed Urug
 31426 | Lair:3   | XOM: scenery: create altars
 31466 | Lair:2   | Reached XP level 13. HP: 27/96 MP: 13/13
 31535 | Lair:2   | XOM: divination: detect items
 31664 | Lair:3   | XOM: polymorph yak -> shapeshifter
 31667 | Lair:2   | XOM: give mutations
 31667 | Lair:2   | Lost mutation: You have a pair of antennae on your head.
                  | [Xom's mischief]
 31667 | Lair:2   | Lost mutation: Your spells are a little harder to cast, but
                  | a little more powerful. [Xom's mischief]
 31692 | Lair:2   | XOM: give mutation
 31692 | Lair:2   | Lost mutation: Your body sometimes deteriorates upon taking
                  | damage. [Xom's mischief]
 31812 | Lair:3   | Found a staircase to the Shoals.
 32211 | Lair:3   | XOM: stat loss: -1 Dex (13/14)
 32213 | Lair:3   | XOM: summons 3 hostile shadow creatures
 32218 | Lair:3   | XOM: silly message
 32244 | Lair:3   | XOM: smoke on damage
 32481 | Lair:3   | XOM: enchant monster (good)
 32697 | Lair:3   | XOM: give mutation
 32697 | Lair:3   | Lost mutation: Your muscles are strong. (Str +4, Int/Dex
                  | -1) [Xom's mischief]
 32794 | Lair:3   | XOM: 4-stop teleportation journey
 32796 | Lair:3   | XOM: enchant monster (bad)
 33072 | Lair:3   | Found a hole to the Spider Nest.
 33075 | Lair:3   | XOM: 2-stop teleportation journey
 33192 | Lair:3   | XOM: fog
 33213 | Lair:3   | Killed Urug
 33414 | Lair:3   | XOM: give mutations
 33414 | Lair:3   | Lost mutation: One of your tentacles bears a spike. [Xom's
                  | mischief]
 33414 | Lair:3   | Lost mutation: You are covered in fur. (AC +1) [Xom's
                  | mischief]
 33417 | Lair:3   | XOM: butterfly on damage
 33423 | Lair:3   | XOM: smoke on damage
 33425 | Lair:3   | Reached skill level 18 in Stealth
 33944 | Lair:3   | Noticed Fannar
 33951 | Lair:3   | Killed Fannar
 33955 | Lair:3   | Identified the +3 long sword "Coqyl" {elec, rPois rF++ MP+9
                  | Dex-4}
 34291 | D:11     | XOM: silly message
 34480 | D:11     | XOM: cast spell 'Monstrous Menagerie'
 34606 | D:11     | XOM: divination: detect items
 34682 | D:11     | XOM: noise
 35070 | D:12     | Found a staircase to the Orcish Mines.
 35109 | D:12     | Found a gate leading to a gauntlet.
 35117 | Gauntlet | Entered a Gauntlet
 35117 | Gauntlet | Found a transporter.
 35120 | Gauntlet | Found a transporter.
 35122 | Gauntlet | Found a transporter.
 35138 | Gauntlet | Found a transporter.
 35141 | Gauntlet | Found a transporter.
 35150 | Gauntlet | Found a transporter.
 35170 | Gauntlet | Noticed a quicksilver ooze
 35171 | Gauntlet | Found a transporter.
 35182 | Gauntlet | Found a transporter.
 35192 | Gauntlet | Found a runed translucent gate.
 35193 | Gauntlet | Found a transporter.
 35194 | Gauntlet | Found a runed translucent gate.
 35194 | Gauntlet | Found a runed translucent gate.
 35212 | Gauntlet | Found a transporter.
 35215 | Gauntlet | Found a runed translucent door.
 35220 | Gauntlet | XOM: god gift: 56 gold pieces
 35227 | Gauntlet | Found a transporter.
 35228 | Gauntlet | Found a transporter.
 35305 | Gauntlet | Found a transporter.
 35339 | Gauntlet | Found a transporter.
 35371 | Gauntlet | XOM: cloud trail
 35419 | Gauntlet | XOM: smoke on damage
 35496 | Gauntlet | XOM: summons 6 friendly demons
 35674 | Gauntlet | Killed a quicksilver ooze
 35773 | Gauntlet | Identified the ring of Areshreori {rF+ Dex+3}
 35887 | Gauntlet | Noticed a minotaur
 35902 | Gauntlet | Killed a minotaur
 36107 | Gauntlet | XOM: cloud trail
 36146 | Gauntlet | Got the Monograph on the Flock
 36164 | Gauntlet | XOM: god gift: scroll of amnesia
 36333 | D:12     | XOM: divine lightning
 36458 | D:12     | XOM is BORED!
 36458 | D:12     | XOM: give mutations
 36458 | D:12     | Lost mutation: You are somewhat resistant to both further
                  | mutation and mutation removal. [Xom's mischief]
 36458 | D:12     | Gained mutation: You are clumsy. (Dex -2) [Xom's mischief]
 36458 | D:12     | Lost mutation: You are highly strong-willed. (Will++)
                  | [Xom's mischief]
 36458 | D:12     | Lost mutation: You are strong-willed. (Will+) [Xom's
                  | mischief]
 36688 | D:12     | XOM: god gift: 3 atropa-tipped darts
 36697 | D:12     | Reached skill level 19 in Stealth
 36742 | D:12     | XOM: god gift: wand of mindburst (4)
 36795 | D:12     | Reached XP level 14. HP: 10/104 MP: 14/14
 36941 | D:12     | XOM: divination: magic mapping
 37157 | D:12     | Reached skill level 10 in Short Blades
 37188 | D:12     | XOM: 5-stop teleportation journey
 37350 | D:12     | XOM: divination: detect creatures
 37428 | D:12     | Got the Papyrus of Subjectivity
 37466 | D:12     | XOM: 2-stop teleportation journey
 37687 | Orc:1    | Entered Level 1 of the Orcish Mines
 37756 | Orc:2    | Entered Level 2 of the Orcish Mines
 37756 | Orc:2    | Noticed an orc warlord
 37757 | Orc:2    | Killed an orc warlord
 37877 | Orc:1    | Noticed an orc warlord
 37877 | Orc:1    | XOM: 1-stop teleportation journey
 37880 | Orc:1    | XOM: potion effect (heal wounds)
 37885 | Orc:1    | XOM: fog
 38064 | Orc:1    | Found Fekus's Self-Improvement Boutique.
 38072 | Orc:1    | XOM: polymorph orc warrior -> wyvern
 38288 | Orc:1    | XOM: polymorph orc warrior -> warg
 38332 | Orc:1    | XOM is BORED!
 38332 | Orc:1    | XOM: noise
 38356 | Orc:1    | XOM: chaos upgrade
 38358 | Orc:1    | XOM: summons 1 hostile demon
 38365 | Orc:1    | Paralysed by an orc knight for 2 turns
 38574 | Orc:1    | XOM: silly message
 38575 | Orc:1    | XOM: confusion (+ monsters)
 38805 | Orc:2    | Found a staircase to the Elven Halls.
 38867 | Orc:2    | XOM: cleaving
 39048 | Orc:2    | XOM: chaos upgrade
 39119 | Orc:2    | XOM: divination: magic mapping
 39121 | Orc:2    | XOM: summons 3 hostile demons
 39229 | Orc:2    | XOM: smoke on damage
 39321 | Orc:2    | XOM: summons 8 hostile demons
 39815 | Orc:2    | XOM: confusion
 39826 | Orc:2    | XOM: scenery: summon butterflies
 39831 | Orc:2    | Paralysed by an orc sorcerer for 3 turns
 39834 | Orc:2    | Killed from afar by an orc sorcerer

Illustrated notes

Levels and vault maps discovered:
D:1:      onia_arrival_mini_spirals, layout_basic
D:2:      layout_loops_ring, uniq_sigmund
D:3:      layout_rooms, basic_ecumenical_altar, serial_shops, shop,
          kennysheep_flooded_box, wad_orctagon
D:4:      minmay_recursive_quarters, layout_basic, kb_xom_exploding_sheep,
          nicolae_ossuary_entry_catacombs, st_stairs_3, kennysheep_diamond,
          uniq_menkaure
D:5:      layout_layer_cave, tso_altar, cheibrodos_sewer_entry_bend,
          nicolae_letterblocks [nicolae_letter_subblock,
          nicolae_letter_subblock, nicolae_letter_subblock,
          nicolae_letter_subblock, nicolae_letter_subblock,
          nicolae_letter_subblock, nicolae_letter_subblock,
          nicolae_letter_subblock, nicolae_letter_subblock,
          nicolae_letter_subblock, nicolae_letter_subblock,
          nicolae_letter_subblock, nicolae_letter_subblock,
          nicolae_letter_subblock, nicolae_letter_subblock,
          nicolae_letter_subblock, nicolae_letter_subblock,
          nicolae_letter_subblock, nicolae_letter_subblock,
          nicolae_letter_subblock, nicolae_letter_subblock,
          nicolae_letter_subblock, nicolae_letter_subblock,
          nicolae_letter_subblock, nicolae_letter_subblock], uniq_ijyb
D:6:      layout_rooms, minmay_misc_feat_ornament, nicolae_nh_ransacked_shop,
          uniq_edmund
D:7:      layout_rooms, lemuel_temple_firewalk_b, serial_shops, shop, shop,
          nicolae_shop_tiny_statue_garden, shop, nicolae_shop_back_alley_shop,
          kennysheep_generic_room_9
D:8:      layout_gridville, uniq_gastronok
D:9:      layout_stronghold, mainiacjoe_overflow_catwalk, enter_bailey_5,
          minmay_misc_feat_square, billiards_dpeg
D:10:     layout_long_grid, erik_lair_orcish_takeover
D:11:     layout_roguey
D:12:     minmay_wavy_crystal, layout_loops_ring, gauntlet_entry_generic
Lair:1:   layout_loops_ring, infiniplex_staircase_pool_2, grunt_megastairs_5
Lair:2:   layout_layer_cave, evilmike_ambush [evilmike_ambush_outer_pillars,
          evilmike_ambush_inner_pond], grunt_megastairs_1, serial_bayou_shore_a,
          uniq_maggie
Lair:3:   layout_layer_cave, minmay_shoals_entry_lonely_mermaid,
          nicolae_spider_entry_lesser_pyramids, uniq_fannar, uniq_urug
Orc:1:    layout_caves, nicolae_shop_self_help
Orc:2:    st_orc_mages, layout_diamond_mine

Skill      XL: |  1  2  3  4  5  6  7  8  9 10 11 12 13 14 |
---------------+-------------------------------------------+-----
Stealth        | 4 6 7 10 12 13 15 17 19 | 19.6
Fighting       | 4 5 6 7 8 9 |  9.1
Short Blades   | 4 5 6 7 8 9 10 | 10.1
Dodging        | 3 4 5 6 7 9 |  9.7
Unarmed Combat | 2 3 4 5 6 |  6.0
Evocations     | 2 4 6 7 |  7.0
Shapeshifting  | 1 3 5 6 7 8 |  8.4

Action                     |  1- 3 |  4- 6 |  7- 9 | 10-12 | 13-15 || total
---------------------------+-------+-------+-------+-------+-------++-------
  Melee: Short sword       |    59 |    62 |    77 |       |       ||   198
         Constrict         |    20 |    14 |    49 |    74 |    86 ||   243
         Tentacles         |    12 |     8 |    62 |   202 |   260 ||   544
         Punch             |     1 |       |     8 |    39 |    61 ||   109
         Kick              |     9 |    20 |    74 |   237 |    72 ||   412
         Dagger            |       |       |   216 |   705 |   793 ||  1714
  Evoke: Wand              |       |       |       |     7 |    21 ||    28
         Phial of floods   |       |       |       |       |     1 ||     1
    Use: Potion            |     1 |       |     4 |     5 |     5 ||    15
         Scroll            |     1 |       |    15 |     3 |    11 ||    30
   Stab: Sleeping          |     4 |     5 |    57 |    57 |    26 ||   149
         Confused          |       |     1 |     5 |     5 |       ||    11
         Distracted        |       |     1 |     1 |     2 |     4 ||     8
         Invisible         |       |       |     2 |     3 |     8 ||    13
         Paralysed         |       |       |       |     1 |       ||     1
         Petrifying        |       |       |       |     1 |       ||     1
 Armour: Skin              |    16 |    22 |   134 |   297 |   320 ||   789
  Dodge: Dodged            |    22 |    27 |    98 |   461 |   525 ||  1133

Table legend: (Time is in decaauts)
 A = Elapsed time spent in this place.
 B = Non-inter-level travel time spent in this place.
 C = Inter-level travel time spent in this place.
 D = Time resting spent in this place.
 E = Time spent auto-exploring this place.
 F = Levels seen in this place.
 G = Mean time per level.
                   A        B        C        D        E       F      G
               +--------+--------+--------+--------+--------+-----+--------+
         Total |  39094 |  38491 |    603 |  22189 |  12135 |  21 | 1861.6 |
       Dungeon |  28601 |  28120 |    481 |  18233 |   7705 |  12 | 2383.4 |
          Lair |   6098 |   5987 |    111 |   2372 |   2804 |   3 | 2032.7 |
  Orcish Mines |   1992 |   1981 |     11 |    730 |    726 |   2 |  996.0 |
         Sewer |    352 |    352 |      0 |      0 |    227 |   1 |  352.0 |
       Ossuary |    345 |    345 |      0 |      0 |    267 |   1 |  345.0 |
        Bailey |    623 |    623 |      0 |    230 |    239 |   1 |  623.0 |
      Gauntlet |   1081 |   1081 |      0 |    624 |    167 |   1 | 1081.0 |
               +--------+--------+--------+--------+--------+-----+--------+

Top non-repeatable levels by time:
     D:1: 9270 daAuts
     D:4: 6672 daAuts
  Lair:2: 2416 daAuts
     D:5: 2367 daAuts
  Lair:3: 2037 daAuts
  Lair:1: 1645 daAuts
     D:9: 1521 daAuts
    D:12: 1478 daAuts
     D:2: 1300 daAuts
     D:6: 1257 daAuts
     D:7: 1227 daAuts
   Orc:1: 1213 daAuts
     D:8: 1138 daAuts
Gauntlet: 1081 daAuts
    D:10: 1040 daAuts
